 Dungeon Crawl Stone Soup version 0.27.0-1-g7a089689b8 (webtiles) character file.

Game seed: 332642189736885736

14672 nicksoapdish the Severer (level 11, -1/102 HPs)
             Began as a Minotaur Fighter on Aug 2, 2021.
             Slain by an orc high priest (2 damage)
             ... on level 2 of the Orcish Mines.
             The game lasted 00:38:15 (10534 turns).

nicksoapdish the Severer (Minotaur Fighter)        Turns: 10534, Time: 00:38:15

Health: -1/102     AC: 18    Str: 24    XL:     11   Next: 91%
Magic:  10/10      EV:  9    Int:  5    God:
Gold:   1283       SH: 11    Dex: 10    Spells: 10/10 levels left

rFire    . . .     SeeInvis .   a - +2 war axe (spect)
rCold    + . .     Faith    .   c - +0 kite shield
rNeg     . . .     Spirit   .   B - +0 swamp dragon scales
rPois    +         Reflect  .   (helmet restricted)
rElec    .         Harm     .   d - +1 cloak
rCorr    .         Rampage  .   l - +1 pair of gloves
Will     .....                  z - +2 pair of boots
Stlth    +.........             (no amulet)
HPRegen  0.27/turn              v - ring of protection from cold
MPRegen  0.12/turn              s - ring of flight

@: on berserk cooldown, flying, slowed, very slow
A: horns 2, retaliatory headbutt
a: no special abilities


You were on level 2 of the Orcish Mines.
You visited 3 branches of the dungeon, and saw 12 of its levels.

You collected 1283 gold pieces.

Inventory:

Hand Weapons
 a - a +2 spectral war axe (weapon)
 b - the +2 short sword of the Slime-mould {freeze, rPois}
   (You found it on level 8 of the Dungeon)

   It freezes those it strikes, dealing additional cold damage.
   It can also slow down cold-blooded creatures.
   rPois:     It protects you from poison.
 C - a +0 mace
Missiles
 t - 2 throwing nets (quivered)
Armour
 c - a +0 kite shield (worn)
 d - a +1 cloak (worn)
 l - a +1 pair of gloves (worn)
 z - a +2 pair of boots (worn)
 B - +0 swamp dragon scales (worn)
Jewellery
 s - a ring of flight (right hand)
 v - a ring of protection from cold (left hand)
Wands
 e - a wand of flame (25)
 r - a wand of polymorph (5)
 A - a wand of iceblast (9)
 D - a wand of mindburst (11)
Scrolls
 h - a scroll of fear {unknown}
 j - a scroll of brand weapon
 k - 4 scrolls of fog
 o - 4 scrolls of teleportation
 q - 4 scrolls of noise
 w - 2 scrolls of amnesia
 y - 2 scrolls of holy word
Potions
 f - 5 potions of curing
 i - a potion of haste {unknown}
 m - a potion of lignification {unknown}
 n - 2 potions of berserk rage
 p - a potion of resistance
 u - a potion of heal wounds
 x - a potion of degeneration {unknown}
 E - a potion of mutation {unknown}
 F - a potion of brilliance {unknown}
 G - a potion of flight {unknown}


   Skills:
 * Level 11.3 Fighting
 * Level 15.8 Axes
 * Level 9.6 Armour
 - Level 1.2 Dodging
 - Level 2.0 Stealth
 + Level 8.2 Shields
 + Level 1.3 Unarmed Combat


You had 10 spell levels left.
You didn't know any spells.
Your spell library contained the following spells:

 Spells                   Type           Power      Damage    Failure   Level
 Animate Skeleton         Necr           0%         N/A       88%         1
 Pain                     Necr           0%         1d4       88%         1
 Sting                    Tmut/Pois      0%         1d3       88%         1
 Blink                    Tloc           N/A        N/A       95%         2
 Poisonous Vapours        Pois/Air       0%         N/A       95%         2
 Sublimation of Blood     Necr           0%         N/A       95%         2
 Vampiric Draining        Necr           0%         2d6       99%         3
 Olgreb's Toxic Radiance  Pois           0%         N/A       100%        4
 Petrify                  Tmut/Erth      0%         N/A       100%        4
 Irradiate                Conj/Tmut      0%         3d13      100%        5
 Manifold Assault         Tloc           0%         N/A       100%        5
 Storm Form               Tmut/Air       0%         N/A       100%        7


Dungeon Overview and Level Annotations

Branches:
Dungeon (9/15)             Temple (1/1) D:5            Lair (0/6) D:8
    Orc (2/2) D:9             Elf (0/3) Orc:2

Altars:
Ashenzari
Cheibriados
Dithmenos
Elyvilon
Gozag
Hepliaklqana
Kikubaaqudgha
Nemelex Xobeh
Okawaru
Ru
Sif Muna
Trog
Uskayaw
Vehumet
Wu Jian
Xom
Yredelemnul
Zin
The Shining One

Shops:
D:1 =   Orc:1 =!


Innate Abilities, Weirdness & Mutations

You have a pair of horns on your head.
You reflexively headbutt those who attack you in melee.


Message History

Your spectral +2 spectral war axe hits the orc warrior.
You kill the orc warrior!
Your life force feels restored.
You hit the orc knight.
You kill the orc knight!
You are too berserk!
You feel a strong urge to attack something.
The orc high priest mumbles some strange prayers to Beogh.
Things that are here:
a +3 dagger; a +0 robe of fire resistance You are no longer berserk.
You are exhausted.
You feel yourself slow down.
The chaos spawn degenerates into a cloud of primal chaos!
You block the orc high priest's attack.
Found a rat skeleton.
Things that are here:
a +0 dagger; a +0 robe You hit the orc high priest.
The orc high priest is lightly wounded.
Your spectral +2 spectral war axe hits the orc high priest!
Your spectral +2 spectral war axe closely misses the sun demon.
The sun demon hits your spectral +2 spectral war axe!
Your spectral weapon shares its damage with you!
Your spectral +2 spectral war axe is engulfed in flames!
Your spectral +2 spectral war axe resists.
Your spectral weapon shares its damage with you!
* * * LOW HITPOINT WARNING * * *
The sun demon hits your spectral +2 spectral war axe!
Your spectral weapon shares its damage with you!
Your spectral +2 spectral war axe fades away.
You block the orc high priest's attack.
The hellwing swoops through the air toward you!
You block the hellwing's attack. x2
The hellwing hits you but does no damage.
You block the hellwing's attack.
Things that are here:
a +3 dagger; a +0 robe of fire resistance The orc high priest hits you with a +1 short sword of protection.
You die...

#.............##
#............##. ....
#............... ....
#............... .....
#........#.....# ÷.÷÷.
##.............## #...÷.
#....##.......... #....#
##...####.........
#..÷.)##@)..###.....#....
#..÷3o4..###.......#...
##..))..##....[...[....
###...##..............
######......#....[[#
#.....#..####....#
##.#.#...# #....[[
#...###.## ##..... #
##.## ### #......


You could see an orc high priest, a sun demon (summoned) and a hellwing
(summoned).

Vanquished Creatures
  Erolcha (Orc:2)
  A two-headed ogre (D:9)
  3 orc high priests (Orc:2)
  5 orc knights
  3 orc sorcerers (Orc:2)
  Maggie (D:8)
  2 trolls
  A hornet (D:9)
  4 yaks (D:9)
  4 vampire mosquitoes (D:6)
  3 wargs (Orc:1)
  4 water moccasins
  15 orc warriors
  A hornet zombie (D:9)
  3 black bears
  A centaur (D:8)
  6 ogres
  3 phantoms
  3 kobold brigands
  2 bullfrogs
  2 wyvern zombies
  2 scorpions (D:5)
  6 killer bees
  13 wights (D:8)
  4 howler monkeys
  A centaur zombie (D:7)
  2 gnoll shamans
  A hound (D:6)
  2 centaur skeletons
  Natasha (D:3)
  2 bullfrog skeletons
  11 orc priests
  Crazy Yiuf (D:3)
  Terence (D:2)
  2 iguanas (D:6)
  16 orc wizards
  Robin (D:3)
  16 gnolls
  7 adders
  A shadow imp (D:5)
  3 white imps
  2 ufetubi (D:5)
  2 worms
  5 dart slugs
  43 orcs
  3 ball pythons (D:2)
  7 bats
  6 endoplasms
  A giant cockroach (D:4)
  8 goblins
  10 hobgoblins
  5 jackals
  19 kobolds
  6 quokkas
  2 frilled lizards (D:1)
  4 rats (D:2)
284 creatures vanquished.

Vanquished Creatures (others)
  An orc (Orc:2)
1 creature vanquished.

Grand Total: 285 creatures vanquished

Notes
Turn   | Place    | Note
-------+----------+-------------------------------------------
     0 | D:1      | nicksoapdish the Minotaur Fighter began the quest for the
                  | Orb.
     0 | D:1      | Reached XP level 1. HP: 19/19 MP: 0/0
   237 | D:1      | Reached XP level 2. HP: 27/27 MP: 1/1
   238 | D:1      | Found Iclarchoss's Jewellery Boutique.
   424 | D:1      | Found a faded altar of an unknown god.
   856 | D:2      | Reached skill level 3 in Axes
   856 | D:2      | Reached XP level 3. HP: 30/33 MP: 2/2
  1196 | D:2      | Reached XP level 4. HP: 38/40 MP: 3/3
  1429 | D:2      | Reached skill level 1 in Dodging
  1662 | D:2      | Noticed Terence
  1675 | D:2      | Killed Terence
  1676 | D:2      | Reached skill level 4 in Axes
  1850 | D:3      | Noticed Robin
  1854 | D:3      | Reached XP level 5. HP: 47/47 MP: 4/4
  1859 | D:3      | Killed Robin
  2080 | D:3      | Noticed Natasha
  2085 | D:3      | Killed Natasha
  2349 | D:3      | Found a runed translucent door.
  2350 | D:3      | Noticed Crazy Yiuf
  2355 | D:3      | Killed Crazy Yiuf
  2678 | D:4      | Reached skill level 5 in Axes
  2680 | D:4      | Reached XP level 6. HP: 30/55 MP: 5/5
  2707 | D:4      | Reached skill level 5 in Shields
  2829 | D:4      | Found an iron altar of Okawaru.
  2829 | D:4      | Found a faded altar of an unknown god.
  2843 | D:4      | Found a hide-covered altar of Uskayaw.
  2848 | D:4      | Found an ancient bone altar of Kikubaaqudgha.
  2850 | D:4      | Found a radiant altar of Vehumet.
  3263 | D:4      | Found a sparkling altar of Nemelex Xobeh.
  3368 | D:5      | Entered Level 5 of the Dungeon
  3391 | D:5      | Reached skill level 5 in Fighting
  3566 | D:5      | Reached skill level 6 in Axes
  3566 | D:5      | Reached skill level 5 in Armour
  3566 | D:5      | Reached XP level 7. HP: 60/61 MP: 6/6
  3622 | D:5      | Reached skill level 1 in Stealth
  3626 | D:5      | Reached skill level 7 in Axes
  3810 | D:5      | Found a staircase to the Ecumenical Temple.
  3816 | Temple   | Entered the Ecumenical Temple
  4201 | D:5      | Reached skill level 8 in Axes
  4201 | D:5      | Reached XP level 8. HP: 70/70 MP: 7/7
  4608 | D:6      | Reached skill level 9 in Axes
  4776 | D:6      | Found a sacrificial altar of Ru.
  5145 | D:7      | Reached XP level 9. HP: 70/78 MP: 8/8
  5196 | D:7      | Reached skill level 10 in Axes
  5531 | D:8      | Noticed Maggie
  5536 | D:8      | Killed Maggie
  5630 | D:8      | Reached skill level 11 in Axes
  5863 | D:8      | Identified the +2 short sword of the Slime-mould {freeze,
                  | rPois}
  6251 | D:8      | Found a staircase to the Lair.
  6309 | D:8      | Reached skill level 12 in Axes
  7100 | D:9      | Reached XP level 10. HP: 86/90 MP: 9/9
  7302 | D:9      | Noticed a two-headed ogre
  7306 | D:9      | Killed a two-headed ogre
  7446 | D:9      | Reached skill level 13 in Axes
  7753 | D:9      | Found a staircase to the Orcish Mines.
  7784 | Orc:1    | Entered Level 1 of the Orcish Mines
  7970 | Orc:1    | Found Eduemn's Jewellery Shoppe.
  8100 | Orc:1    | Found Xusov's Distillery.
  8209 | Orc:2    | Entered Level 2 of the Orcish Mines
  8209 | Orc:2    | Found a staircase to the Elven Halls.
  8219 | Orc:2    | Noticed an orc high priest
  8222 | Orc:2    | Noticed a sun demon
  8241 | Orc:2    | Killed an orc high priest
  8242 | Orc:2    | Reached skill level 14 in Axes
  8469 | Orc:2    | Reached XP level 11. HP: 68/97 MP: 10/10
  8663 | Orc:2    | Noticed an orc knight
  8676 | Orc:2    | Killed an orc knight
  8692 | Orc:2    | Noticed Erolcha
  8710 | Orc:2    | Killed Erolcha
  8711 | Orc:2    | Reached skill level 10 in Fighting
  9096 | Orc:2    | Noticed an orc knight
  9323 | Orc:2    | Noticed an orc high priest
  9325 | Orc:2    | Noticed an orc sorcerer
  9327 | Orc:2    | Noticed an orc high priest
  9338 | Orc:1    | Killed an orc knight
  9668 | Orc:2    | Killed an orc sorcerer
  9669 | Orc:2    | Reached skill level 15 in Axes
  9671 | Orc:2    | Killed an orc high priest
  9680 | Orc:2    | Killed an orc high priest
  9681 | Orc:2    | Reached skill level 1 in Unarmed Combat
  9681 | Orc:2    | Noticed an orc knight
  9932 | Orc:2    | Noticed an orc high priest
 10328 | Orc:2    | Noticed an orc knight
 10336 | Orc:2    | Killed an orc knight
 10503 | Orc:2    | Noticed an orc knight
 10507 | Orc:2    | Noticed an orc sorcerer
 10515 | Orc:2    | Killed an orc knight
 10520 | Orc:2    | Killed an orc sorcerer
 10521 | Orc:2    | Noticed an orc sorcerer
 10527 | Orc:2    | Killed an orc sorcerer
 10528 | Orc:2    | Killed an orc knight
 10531 | Orc:2    | Noticed a sun demon
 10532 | Orc:2    | HP: 1/102 [sun demon[an orc high priest] (10)]
 10534 | Orc:2    | Slain by an orc high priest

Illustrated notes

Levels and vault maps discovered:
D:1:      psy_arrival_heroes, layout_basic, basic_ecumenical_altar,
          serial_shops, shop, st_stairs_1
D:2:      layout_loops_ring, uniq_terence
D:3:      layout_basic, minmay_misc_feat_nine_boxes,
          corexii_item_surrounded_by_moat, uniq_natasha, uniq_robin,
          uniq_crazy_yiuf_cottage
D:4:      layout_basic, chequers_temple_overflow_minitemple,
          nemelex_spade_bored_becter, minmay_misc_feat_iff
D:5:      layout_loops_ring, nicolae_overflow_hidden_temple,
          minmay_temple_entry_enclosed_plants, grunt_decor_clamped,
          minmay_misc_feat_ornament, minivault_11, minmay_fractal_squares_5
D:6:      layout_cave_pools, nicolae_ru_great_annihilating_truth, serial_glass,
          glass_columns_a, glass_columns_c, grunt_decor_one_mirror,
          kennysheep_potato
D:7:      layout_basic
D:8:      layout_loops_corners, dpeg_oklobed_lair,
          nicolae_ossuary_entry_false_entrances, roderic_lattice_a, uniq_maggie
D:9:      layout_irregular_city
Temple:   cyrus_circular_temple
Orc:1:    layout_diamond_mine, serial_shops, shop, nicolae_shop_trees
Orc:2:    grunt_orc_tribal_feast, layout_diamond_mine, uniq_erolcha

Skill      XL: |  1  2  3  4  5  6  7  8  9 10 11 |
---------------+----------------------------------+-----
Shields        | 4 5 6 7 8 |  8.2
Fighting       | 4 5 6 8 9 11 | 11.3
Axes           | 3 4 5 6 8 9 12 14 15 | 15.8
Armour         | 4 5 6 7 8 9 |  9.6
Dodging        | 1 |  1.2
Stealth        | 1 2 |  2.0
Unarmed Combat | 1 |  1.3

Action                   |  1- 3 |  4- 6 |  7- 9 | 10-12 || total
-------------------------+-------+-------+-------+-------++-------
Melee: War axe           |    98 |   136 |   191 |   210 ||   635
       Headbutt          |    12 |    21 |    48 |    41 ||   122
       Unarmed           |       |       |       |     8 ||     8
Evoke: Wand              |       |     1 |     1 |     3 ||     5
  Use: Scroll            |       |     9 |     5 |     1 ||    15
       Potion            |       |     1 |     1 |     5 ||     7
 Stab: Distracted        |       |       |     2 |     3 ||     5
       Paralysed         |       |       |     1 |       ||     1
Armor: Scale mail        |    50 |    44 |    38 |       ||   132
       Swamp dragon scal |       |       |    33 |    60 ||    93
Dodge: Dodged            |    38 |    41 |    59 |    51 ||   189
Block: Kite shield       |    63 |    73 |    63 |    86 ||   285
